 Dungeon Crawl Stone Soup version 0.30.0-29-ga12c61a403 (webtiles) character file.

Game seed: 17242351252850754437

51 qw the Chopper (level 3, -4/23 HPs)
             Began as a Gargoyle Fighter on June 3, 2023.
             Killed by divine providence
             ... invoked by an orc priest
              (10 damage)
             ... on level 3 of the Dungeon.
             The game lasted 00:00:37 (1611 turns).

qw the Chopper (Gargoyle Fighter)                   Turns: 1611, Time: 00:00:38

Health: -4/23      AC: 10    Str: 21    XL:     3   Next: 81%
Magic:  3/3        EV:  9    Int:  8    God:
Gold:   112        SH:  4    Dex:  9    Spells: 2/2 levels left

rFire   . . .        Y - +1 war axe
rCold   . . .        c - +0 buckler
rNeg    + . .        b - +0 scale mail
rPois   inf          (no helmet)
rElec   +            (no cloak)
rCorr   .            (no gloves)
SInv    .            (no boots)
Will    .....        (no amulet) Stlth
                     (no ring)
HPRegen 0.23/turn    (no ring)
MPRegen 0.08/turn

%: no passive effects
@: no status effects
A: sickness immunity, AC +3, negative energy resistance 1, electricity
resistance, torment resistance 1, petrification resistance
a: no special abilities


You were on level 3 of the Dungeon.
You visited 1 branch of the dungeon, and saw 3 of its levels.

You collected 112 gold pieces.


Innate Abilities, Weirdness & Mutations

You are immune to sickness and miasma.
Your stone body is resilient. (AC +3)
You are immune to poison.
You resist negative energy. (rN+)
You are resistant to electric shocks. (rElec)
You are resistant to unholy torment.
You are immune to petrification.


   Skills:
 - Level 3.2 Fighting
 + Level 3.6 Axes
 - Level 3.2 Armour
 - Level 3.2 Shields


You had 2 spell levels left.
You didn't know any spells.
Your spell library was empty.

Inventory:

Hand Weapons
 f - a +0 whip
 Y - a +1 war axe (weapon)
Missiles
 a - a boomerang (quivered)
Armour
 b - a +0 scale mail (worn)
 c - a +0 buckler (worn)
Scrolls
 h - a scroll of teleportation
Potions
 d - a potion of might
 g - a potion of lignification
 j - a potion of brilliance {unknown}

Dungeon Overview and Level Annotations

Branches:
Dungeon (3/15)

Altars:

Shops:
D:1 !(*=


Message History

Found a leather armour, a knobbly opal ring and a runed orb.
There is a stone staircase leading up here.
There are monsters nearby!
Waypoint 2 assigned to D:3.
The endoplasm hits you but does no damage.
You slash the endoplasm!
You kill the endoplasm!
Found a stone staircase leading up.
The orc priest looks encouraged for a moment.
You slash the orc!
You kill the orc!
You hit the orc priest.
The orc priest is lightly wounded.
You hit the orc. You closely miss the orc. The orc priest barely misses you.
You block the orc's attack. The orc closely misses you.
You barely miss the orc.
The orc is severely wounded.
You hit the orc. You barely miss the orc priest. You slash the orc!
You kill the orc!
You block the orc's attack.
The orc priest hits you but does no damage.
You block the orc's attack. The orc barely misses you.
The orc priest barely misses you. The orc hits you but does no damage.
You hit the orc.
You kill the orc!
You barely miss the orc priest. You hit the endoplasm.
You closely miss the orc. The orc hits you but does no damage.
The orc priest calls down the wrath of Beogh upon you.
Beogh smites you!
Ouch! That really hurt!
The endoplasm freezes you.
You are frozen.
You slash the endoplasm!
You kill the endoplasm!
You barely miss the orc priest. You closely miss the orc.
The orc hits you with a +0 club.
The orc priest calls down the wrath of Beogh upon you.
Beogh smites you!
You die...

#.##. ..... # #
.... .#.
...##.## #
#.....#####
#.##...........
#.......o.#....
#=..@o......
#..<))..[...
......#.........
.#.#######.....<
.. #..... .
#.[.# ####


You could see an orc priest and an orc.

Vanquished Creatures
  3 dart slugs
  3 orcs (D:3)
  2 bats
  5 endoplasms
  A giant cockroach (D:1)
  A goblin (D:1)
  A hobgoblin (D:2)
  6 jackals (D:2)
  2 quokkas
  4 ball pythons
  4 frilled lizards
  3 kobolds (D:1)
  4 rats
39 creatures vanquished.

Notes
Turn   | Place    | Note
-------+----------+-------------------------------------------
     0 | D:1      | qw the Gargoyle Fighter began the quest for the Orb.
     0 | D:1      | Reached XP level 1. HP: 14/14 MP: 1/1
     0 | D:1      | 0 ||| qw: Version: 0.2-a-103-g5a998e5
     0 | D:1      | 0 ||| qw: Game counter: 984
     0 | D:1      | 0 ||| qw: Always use a shield: true
     0 | D:1      | 0 ||| qw: God list: Okawaru
     0 | D:1      | 0 ||| qw: Allow faded altars: false
     0 | D:1      | 0 ||| qw: Do Orc after D:15 true
     0 | D:1      | 0 ||| qw: Do second Lair branch before Depths: true
     0 | D:1      | 0 ||| qw: Lair rune preference: random
     0 | D:1      | 0 ||| qw: Plans: Normal, Zot:1-4, Slime:5, God:TSO, Crypt,
                  | Tomb, Pan, Hells, Abyss, Win
     0 | D:1      | 0 ||| PLANNING D:1-11
    20 | D:1      | Found Meos's Distillery.
    28 | D:1      | 28 ||| SHOPLISTING potion of attraction (30 gold, have 0).
    28 | D:1      | 28 ||| SHOPLISTING potion of curing (30 gold, have 0).
    28 | D:1      | 28 ||| SHOPLISTING potion of might (40 gold, have 0).
    28 | D:1      | 28 ||| SHOPLISTING potion of mutation (80 gold, have 0).
    28 | D:1      | 28 ||| SHOPLISTING potion of resistance (100 gold, have 0).
   146 | D:1      | 146 ||| Stepping ~*~*~tactically~*~*~ (stealth).
   148 | D:1      | 148 ||| Stepping ~*~*~tactically~*~*~ (hiding).
   166 | D:1      | Reached XP level 2. HP: 14/19 MP: 2/2
   213 | D:1      | Found Eliab's Jewellery Shop.
   220 | D:1      | 220 ||| SHOPLISTING +4 ring of protection (396 gold, have
                  | 23).
   220 | D:1      | 220 ||| SHOPLISTING +4 ring of slaying (858 gold, have 23).
   220 | D:1      | 220 ||| SHOPLISTING amulet "Cuciuhatoq" {Spirit Harm rF-
                  | rCorr Str+2} (437 gold, have 23).
   220 | D:1      | 220 ||| SHOPLISTING ring of ice (275 gold, have 23).
   220 | D:1      | 220 ||| SHOPLISTING ring of protection from fire (275 gold,
                  | have 23).
   256 | D:1      | Found a faded altar of an unknown god.
   265 | D:1      | Found Hyemucw's General Store.
   275 | D:1      | 275 ||| SHOPLISTING +0 flail (42 gold, have 23).
   275 | D:1      | 275 ||| SHOPLISTING +8 chain mail of ponderousness (258
                  | gold, have 23).
   275 | D:1      | 275 ||| SHOPLISTING potion of curing (36 gold, have 23).
   579 | D:1      | Found Ykuaseco's Antique Weapon Emporium.
   812 | D:1      | 812 ||| READING scroll labelled VOLUOLOUNG.
   823 | D:1      | 823 ||| READING scroll labelled ECAIB KA OHIU.
   824 | D:1      | 824 ||| READING scroll labelled BEICRE WEFUFUN.
   825 | D:1      | 825 ||| READING scroll labelled OFIUTZ CAFUARIUNT.
   826 | D:1      | 826 ||| DRINKING 2 puce potions.
   890 | D:2      | Reached skill level 3 in Axes
   920 | D:2      | Reached XP level 3. HP: 23/23 MP: 3/3
  1377 | D:2      | 1377 ||| READING scroll labelled UNIPLU OWIKKOGYED.
  1378 | D:2      | 1378 ||| READING 2 scrolls labelled NOMAFA HUWYICH.
  1586 | D:2      | 1586 ||| READING scroll labelled GEBRUPTOMI.
  1587 | D:2      | 1587 ||| READING scroll labelled TOECLE DODWI.
  1588 | D:2      | 1588 ||| READING scroll labelled HUIWNU HEDD.
  1611 | D:3      | Killed from afar by an orc priest

Levels and vault maps discovered:
D:1:      minmay_arrival_arboretum_small, layout_basic, serial_shops,
          nicolae_lakefront_shop, shop, shop, shop,
          chequers_ecumenical_altar_twisty, hangedman_glass_garden
D:2:      layout_loops_ring, hangedman_glass_teeth
D:3:      layout_loops_cross

Skill      XL: |  1  2 |
---------------+-------+-----
Axes           | 2 3 |  3.6
Fighting       | |  3.2
Armour         | |  3.2
Shields        | |  3.2

Action                     || total
---------------------------++-------
  Melee: War axe           ||    88
  Throw: Boomerang         ||    11
    Use: Scroll            ||     9
         Potion            ||     1
 Armour: Scale mail        ||    42
  Dodge: Dodged            ||    34
  Block: Buckler           ||    18

Table legend:
 A = Non-vault XP
 B = Vault XP
 C = Vault XP percentage of total XP
 D = Non-vault monster count
 E = Vault monster count
 F = Vault count percentage of total count
                 A         B        C        D         E       F
            +---------+---------+-------+---------+---------+-------
      Total |      75 |       0 |   0.0 |      39 |       0 |   0.0
            +---------+---------+-------+---------+---------+-------
        D:1 |      29 |       0 |   0.0 |      16 |       0 |   0.0
        D:2 |      33 |       0 |   0.0 |      18 |       0 |   0.0
        D:3 |      13 |       0 |   0.0 |       5 |       0 |   0.0
            +---------+---------+-------+---------+---------+-------
